 Dungeon Crawl Stone Soup version 0.29.1-4-g47bece8355 (webtiles) character file.

Game seed: 3753856907507136299

4024 MacCMillion the Transmogrifier (level 10, -7/79 HPs)
             Began as an Octopode Transmuter on Dec 9, 2022.
             Was an Initiate of Gozag.
             Killed from afar by an electric eel (9 damage)
             ... with a bolt of electricity
             ... on level 9 of the Dungeon.
             The game lasted 00:37:34 (12602 turns).

MacCMillion the Transmogrifier (OpTm)              Turns: 12602, Time: 00:37:35

Health: -7/79      AC: 10    Str:  9    XL:     10   Next: 24%
Magic:  10/13      EV: 11    Int: 33    God:    Gozag
Gold:   625        SH:  0    Dex: 12    Spells: 5/13 levels left

rFire   + . .      SeeInvis .     - Unarmed
rCold   + + .      Faith    .   (shield currently unavailable)
rNeg    . . .      Spirit   .   (helmet currently unavailable)
rPois   +          Reflect  .   (no amulet)
rElec   .          Harm     .   b - ring of protection from fire
rCorr   .          Rampage  .   c - +6 ring of intelligence
Will    .....                   u - ring of fire
Stlth   +.........              w - ring of flight
HPRegen 0.23/turn               y - +6 ring of intelligence
MPRegen 0.13/turn               (no ring)
                                (no ring)
                                (no ring)

@: ice-form, flying
A: freezing attack, boosted hp, almost no armour, amphibious, 8 rings, large,
(camouflage 1), (gelatinous body 1), (nimble swimmer 1), (tentacles)
a: End Transformation, Renounce Religion, Potion Petition, Call Merchant, Bribe
Branch


You were on level 9 of the Dungeon.
You worshipped Gozag.
Gozag was pleased with you.
You were a creature of crystalline ice.
You visited 2 branches of the dungeon, and saw 10 of its levels.
You also visited: Sewer.

You collected 827 gold pieces.
You spent 102 gold pieces at shops.
You paid 100 gold pieces to Gozag.

Inventory:

Missiles
 g - 2 poisoned darts (quivered)
 A - a throwing net
Jewellery
 b - a ring of protection from fire (left front paw)
 c - a +6 ring of intelligence (right front paw)
 u - a ring of fire (on tentacle)
 w - a ring of flight (on tentacle)
 y - a +6 ring of intelligence (on tentacle)
Wands
 h - a wand of roots (11)
 l - a wand of mindburst (10)
Scrolls
 e - a scroll of silence
 n - a scroll of poison
 p - 3 scrolls of blinking {unknown}
 r - a scroll of fear {unknown}
 s - a scroll of vulnerability {unknown}
 v - 2 scrolls of butterflies {unknown}
 x - a scroll of noise {unknown}
 z - a scroll of enchant armour {unknown}
 B - a scroll of identify
 C - a scroll of brand weapon {unknown}
Potions
 a - 2 potions of lignification
 d - a potion of resistance
 f - a potion of magic {unknown}
 i - 2 potions of curing
 j - 3 potions of brilliance
 k - 2 potions of berserk rage
 m - 2 potions of mutation
 o - a potion of attraction
 q - 2 potions of invisibility
 t - a potion of haste


   Skills:
 + Level 5.4 Fighting
 + Level 5.8 Dodging
 + Level 7.7 Unarmed Combat
 - Level 2.1 Spellcasting
 * Level 8.3 Transmutations
 - Level 5.0 Ice Magic
 - Level 3.0 Poison Magic


You had 5 spell levels left.
You knew the following spells:

 Your Spells              Type           Power      Damage    Failure   Level
a - Beastly Appendage     Tmut           100%       N/A       1%          1
b - Spider Form           Tmut/Pois      41%        N/A       1%          3
c - Ice Form              Ice/Tmut       47%        N/A       4%          4

Your spell library contained the following spells:

 Spells                   Type           Power      Damage    Failure   Level
 Wereblood                Tmut           56%        N/A       1%          2
 Hailstorm                Conj/Ice       20%        3d6       22%         4
 Simulacrum               Ice/Necr       Unusable   N/A       N/A         6

Dungeon Overview and Level Annotations

Branches:
Dungeon (9/15)             Temple (1/1) D:6           Sewer (visited)
   Lair: D:8-11         Orc: D:9-12

Altars:
Ashenzari
Cheibriados
Dithmenos
Elyvilon
Gozag
Makhleb
Nemelex Xobeh
Okawaru
Sif Muna
Trog
Uskayaw
Vehumet
Wu Jian
Xom

Shops:
D:2 (   D:4 !:[*   D:5 [   D:6 (   D:7 *

Annotations:
D:3 Grinder
D:5 1 runed translucent door, Henri's ghost, amateur OpVM
D:7 skelletons, exclusion: hornet
D:8 !zyklopse, exclusion: 3 wights, Maggie


Innate Abilities, Weirdness & Mutations

You are a creature of crystalline ice.
You have a powerful freezing melee attack.
Your maximum health is increased.
Your armour is entirely melded.
You are incapable of wielding weapons or throwing items.
You cannot wear most types of armour.
You are amphibious.
You can wear up to eight rings at the same time.
((Your skin changes colour to match your surroundings (Stealth+).))
((Your rubbery body absorbs attacks. (AC +1, EV +1)))
((You are camouflaged when in or above water. (Stealth+)))
((You have tentacles for arms and can constrict up to eight enemies at once.))


Message History

Confirm with . or Enter, or press ? or * to list all spells.
You don't know that spell.
Unknown command.
Casting: Ice Form (dangerous; 4% risk of failure)
Confirm with . or Enter, or press ? or * to list all spells.
You turn into a creature of crystalline ice.
The electric eel shoots out a bolt of lightning at you!
The bolt of electricity hits the plant!
The plant begins to die.
The bolt of electricity hits you!
There is an open door here.
A nearby plant withers and dies.
The electric eel shoots out a bolt of lightning at you!
The bolt of electricity hits you! x2
There is an open door here.
Found 2 yellow potions.
A gnoll comes into view. It is wielding a +0 spear.
The electric eel shoots out a bolt of lightning at you!
The bolt of electricity hits the electric eel.
The electric eel completely resists.
The bolt of electricity misses you.
The electric eel shoots out a bolt of lightning at you!
The bolt of electricity hits you.
The gnoll shouts!
The electric eel shoots out a bolt of lightning at you!
The bolt of electricity misses the electric eel.
The bolt of electricity hits you!
The electric eel shoots out a bolt of lightning at you!
The bolt of electricity hits you. The bolt of electricity hits you!
There is an open door here.
The electric eel shoots out a bolt of lightning at you!
The bolt of electricity hits the electric eel.
The electric eel completely resists.
The bolt of electricity hits you.
* * * LOW HITPOINT WARNING * * *
The bolt of electricity hits you!
* * * LOW HITPOINT WARNING * * *
The electric eel shoots out a bolt of lightning at you!
The bolt of electricity hits you!
* * * LOW HITPOINT WARNING * * *
The bolt of electricity hits you!
You die...
Your body crumbles into a pile of gold.

.....................~.P..
####.######...)#####.~~~~
...#.#....#....#....~~~♣
...#.#....#....#...P~S♣♣
...#.#....#....#...PS~♣
...#.#....)...)#....~P♣♣♣♣~
...#.#....#....#....P~~~~~~
...#.##'###....##'##P~P~P~P
##'#............Y......g...
........########........P..
........# #.........#.
+#......# #.........#
#......# ###########
#......# #....### #....#
#....#


You could see 2 electric eels and a gnoll.

Vanquished Creatures
  A hornet (D:8)
  Prince Ribbit (D:5)
  5 yaks
  A steam dragon (D:6)
  A water moccasin (D:8)
  4 black bears
  Pargi (Sewer)
  2 orc warriors
  A centaur (D:8)
  A phantom (D:5)
  A kobold brigand (D:8)
  A gnoll sergeant (D:8)
  3 necrophages
  A scorpion (D:6)
  4 wights (D:8)
  6 killer bees (D:8)
  4 howler monkeys
  5 hounds
  A jelly (D:5)
  An orc priest (D:8)
  2 gnoll boudas
  Terence (D:3)
  Jessica (D:2)
  3 iguanas
  7 orc wizards
  7 gnolls
  6 adders
  2 river rats (D:6)
  A shadow imp (D:5)
  2 white imps
  An ufetubus (D:5)
  A worm (D:2)
  4 dart slugs
  23 orcs
  8 ball pythons
  4 endoplasms
  12 giant cockroaches
  11 hobgoblins
  16 jackals
  3 quokkas
  4 bats
  8 goblins
  13 kobolds
  4 rats
189 creatures vanquished.

Vanquished Creatures (others)
  4 plants (D:9)
4 creatures vanquished.

Grand Total: 193 creatures vanquished

Notes
Turn   | Place    | Note
-------+----------+-------------------------------------------
     0 | D:1      | MacCMillion the Octopode Transmuter began the quest for the
                  | Orb.
     0 | D:1      | Reached XP level 1. HP: 13/13 MP: 3/3
   433 | D:1      | Reached XP level 2. HP: 16/18 MP: 3/5
   688 | D:1      | Reached skill level 1 in Poison Magic
   857 | D:1      | Reached XP level 3. HP: 14/23 MP: 6/6
  1223 | D:1      | Found a faded altar of an unknown god.
  1734 | D:2      | Reached XP level 4. HP: 28/28 MP: 5/7
  1875 | D:2      | Learned a level 3 spell: Spider Form
  1976 | D:2      | Noticed Jessica
  1984 | D:2      | Killed Jessica
  1985 | D:2      | Reached skill level 3 in Transmutations
  2068 | D:2      | Found Bidedot's Weapon Shoppe.
  2773 | D:3      | Noticed Terence
  2788 | D:3      | Killed Terence
  2789 | D:3      | Reached XP level 5. HP: 28/33 MP: 4/8
  3267 | D:3      | Noticed Grinder
  3443 | D:4      | Learned a level 4 spell: Ice Form
  3447 | D:4      | Found Foescha's Assorted Antiques.
  3478 | D:4      | Bought a bone wand for 92 gold pieces
  3661 | D:4      | Reached skill level 1 in Ice Magic
  3701 | D:4      | Reached XP level 6. HP: 34/38 MP: 5/9
  3787 | D:4      | You fall into a shaft and drop 1 floor!
  3787 | D:5      | Entered Level 5 of the Dungeon
  4078 | D:5      | Found Veigiypi's Antique Armour Shop.
  4410 | D:5      | Reached skill level 4 in Transmutations
  4648 | D:5      | Found a runed translucent door.
  4648 | D:5      | Noticed Henri's ghost (amateur OpVM)
  5061 | D:5      | Noticed Prince Ribbit
  5067 | D:4      | Found Kuhut's Armour Emporium.
  5094 | D:4      | Reached skill level 5 in Unarmed Combat
  5094 | D:4      | Reached XP level 7. HP: 43/43 MP: 5/10
  5155 | D:4      | Found Ofrihacwue's Book Shoppe.
  5323 | D:4      | Found a radiant altar of Vehumet.
  5414 | D:4      | Found Sooryix's Distillery.
  5418 | D:4      | Bought a potion of degeneration for 10 gold pieces
  5919 | D:3      | Found a sparkling altar of Nemelex Xobeh.
  6881 | D:5      | Found a white marble altar of Elyvilon.
  6881 | D:5      | Found a shimmering altar of Xom.
  6889 | D:5      | Became a worshipper of Elyvilon the Healer
  7044 | D:5      | Killed Prince Ribbit
  7045 | D:5      | Reached XP level 8. HP: 22/48 MP: 3/11
  7395 | D:5      | Found a broken altar of Ashenzari.
  7555 | D:5      | Reached skill level 5 in Transmutations
  8126 | D:6      | Found a glowing drain.
  8130 | Sewer    | Entered a sewer
  8222 | Sewer    | Noticed Pargi
  8226 | Sewer    | Killed Pargi
  8227 | Sewer    | Reached skill level 5 in Ice Magic
  8418 | D:6      | Found Boug's Weapon Emporium.
  8501 | D:6      | Reached * piety under Elyvilon
  8515 | D:6      | Found a staircase to the Ecumenical Temple.
  8521 | Temple   | Entered the Ecumenical Temple
  8529 | Temple   | Fell from the grace of Elyvilon
  8529 | Temple   | Became a worshipper of Gozag Ym Sagoz the Greedy
  8780 | D:6      | Found a shadowy altar of Dithmenos.
  8781 | D:6      | Found a burning altar of Makhleb.
  9217 | D:7      | Reached XP level 9. HP: 50/57 MP: 12/12
  9358 | D:7      | Found Yddeedda's Assorted Antiques.
  9513 | D:7      | Reached skill level 6 in Transmutations
  9858 | D:7      | Found a snail-covered altar of Cheibriados.
  9869 | D:7      | Noticed a hornet
  9893 | D:7      | Noticed a skeletal warrior
  9894 | D:7      | Noticed a skeletal warrior
  9894 | D:7      | Noticed a skeletal warrior
  9894 | D:7      | Noticed a skeletal warrior
 10240 | D:8      | Found an ornate altar of the Wu Jian Council.
 10240 | D:8      | Noticed a hornet
 10249 | D:8      | Killed a hornet
 10253 | D:8      | Reached skill level 7 in Transmutations
 10263 | D:8      | Reached skill level 5 in Dodging
 11390 | D:8      | Reached skill level 5 in Fighting
 11393 | D:8      | Reached XP level 10. HP: 66/66 MP: 9/13
 11701 | D:8      | Reached skill level 8 in Transmutations
 11876 | D:8      | Noticed a cyclops
 12425 | D:8      | Found an iron altar of Okawaru.
 12425 | D:8      | Noticed Maggie
 12602 | D:9      | HP: 2/79 [electric eel/bolt of electricity (9)]
 12602 | D:9      | Killed from afar by an electric eel

Illustrated notes

Levels and vault maps discovered:
D:1:      lightli_arrival_statue_moat, layout_loops_cross,
          shapermc_ecumenical_altar_notcrosses, minmay_worlds_worst_comb
D:2:      layout_basic, serial_shops, shop, uniq_jessica
D:3:      layout_loops_corners, nemelex_diamond_rough_becter, uniq_grinder,
          uniq_terence
D:4:      layout_loops_ring, mainiacjoe_overflow_tiny_flanked, serial_shops,
          nicolae_shop_behind_doors, shop, shop, shop,
          minmay_misc_feat_enclosed, grunt_decor_junction
D:5:      layout_layer_cave, nicolae_ashenzari_skybound,
          gammafunk_temple_overflow_pools, serial_shops, nicolae_shop_crystal,
          hellmonk_ghost_happy_afterlife, abandoned_shop, uniq_prince_ribbit1
D:6:      layout_rooms, mainiacjoe_overflow_divided_tiny,
          minmay_temple_entry_hall, serial_shops, nicolae_shop_waterfront,
          gup_sewer_entry_spiral
D:7:      layout_gridville, kennysheep_slug_shrine, serial_shops,
          kennysheep_mini, kennysheep_pointless_box
D:8:      minmay_chambers_of_sevens, layout_basic, nicolae_wu_jian_wuxing_cycle,
          nicolae_overflow_hidden_temple, uniq_maggie
D:9:      layout_irregular_city, serial_bayou, serial_bayou_lagoon_b,
          serial_bayou_lagoon_a, serial_bayou_pond_c, serial_bayou_pond_e,
          serial_bayou_ford_a
Temple:   nicolae_temple_two_arcs

Skill      XL: |  1  2  3  4  5  6  7  8  9 10 |
---------------+-------------------------------+-----
Poison Magic   | 1 2 3 |  3.0
Transmutations | 3 4 5 7 8 |  8.3
Unarmed Combat | 4 5 6 7 |  7.7
Ice Magic      | 1 2 4 5 |  5.0
Fighting       | 3 5 |  5.4
Dodging        | 4 5 |  5.8
Spellcasting   | |  2.1

Action                   |  1- 3 |  4- 6 |  7- 9 | 10-12 || total
-------------------------+-------+-------+-------+-------++-------
Melee: Unarmed           |    84 |   149 |   236 |    78 ||   547
       Tentacles         |    23 |     3 |       |       ||    26
       Constrict         |    27 |     5 |       |       ||    32
       Kick              |    26 |     8 |       |       ||    34
       Punch             |     1 |       |       |       ||     1
Throw: Dart              |     3 |       |       |       ||     3
 Cast: Beastly Appendage |    27 |    10 |       |       ||    37
       Spider Form       |       |    36 |     9 |       ||    45
       Ice Form          |       |     1 |    37 |     9 ||    47
Evoke: Wand              |       |     1 |     6 |       ||     7
  Use: Scroll            |     2 |     4 |     6 |       ||    12
 Stab: Sleeping          |     8 |     6 |     1 |       ||    15
Armor: Skin              |     8 |     7 |    63 |    17 ||    95
Dodge: Dodged            |    42 |   113 |   131 |    22 ||   308
